 Dungeon Crawl Stone Soup version 0.30-a0-847-g17996783a1 (webtiles) character file.

Game seed: 18416910908126969354

565 Darius099 the Cleaver (level 7, -3/58 HPs)
             Began as a Minotaur Fighter on Mar 4, 2023.
             Slain by Duvessa
             ... wielding a +0 short sword of flaming
              (12 damage)
             ... on level 4 of the Dungeon.
             The game lasted 00:06:33 (2471 turns).

Darius099 the Cleaver (Minotaur Fighter)            Turns: 2471, Time: 00:06:34

Health: -3/58      AC: 10    Str: 22    XL:     7   Next: 10%
Magic:  6/6        EV:  7    Int:  5    God:
Gold:   123        SH:  4    Dex: 10    Spells: 6/6 levels left

rFire   . . .      SeeInvis .    a - +0 war axe
rCold   . . .      Faith    .    c - +0 buckler
rNeg    . . .      Spirit   .    m - +0 chain mail
rPois   .          Reflect  .    (helmet restricted)
rElec   .          Rampage  .    h - +0 cloak
rCorr   .                        (no gloves)
Will    .....                    (no boots) Stlth
                                 (no amulet)
HPRegen 0.29/turn                (no ring)
MPRegen 0.10/turn                (no ring)

@: no status effects
A: horns 2, retaliatory headbutt
a: no special abilities


You were on level 4 of the Dungeon.
You visited 1 branch of the dungeon, and saw 4 of its levels.

You collected 123 gold pieces.

Inventory:

Hand Weapons
 a - a +0 war axe (weapon)
Missiles
 f - 29 stones (quivered)
Armour
 c - a +0 buckler (worn)
 h - a +0 cloak (worn)
 m - a +0 chain mail (worn)
Wands
 k - a wand of polymorph (14)
 t - a wand of roots (4)
Scrolls
 b - 3 scrolls of blinking
 e - a scroll of poison {unknown}
 j - a scroll of brand weapon {unknown}
 l - 2 scrolls of teleportation {unknown}
 o - a scroll of magic mapping {unknown}
 p - a scroll of amnesia {unknown}
 r - a scroll of torment {unknown}
 s - a scroll of silence {unknown}
Potions
 d - a potion of might
 g - a potion of ambrosia
 i - a potion of flight {unknown}
 n - 3 potions of curing
 q - a potion of heal wounds
 u - a potion of berserk rage
 v - a potion of attraction {unknown}


   Skills:
 - Level 3.8 Fighting
 + Level 9.2 Axes
 - Level 3.8 Armour
 - Level 3.8 Shields


You had 6 spell levels left.
You didn't know any spells.
Your spell library contained the following spells:

 Spells                   Type           Power      Damage    Failure   Level
 Slow                     Hex            0%         N/A       99%         1
 Confusing Touch          Hex            0%         N/A       100%        3
 Vampiric Draining        Necr           0%         2d6       100%        3


Dungeon Overview and Level Annotations

Branches:
Dungeon (4/15)
 Temple: D:4-7

Altars:
Xom

Annotations:
D:4 Duvessa


Innate Abilities, Weirdness & Mutations

You have a pair of horns on your head.
You reflexively headbutt those who attack you in melee.


Message History

Duvessa burns you.
You hit Duvessa.
Duvessa is lightly wounded.
You miss Dowan.
Duvessa hits you with a +0 short sword of flaming!
Duvessa burns you. Dowan barely misses you.
You barely miss Duvessa.
Duvessa is lightly wounded.
You hit Dowan.
You kill Dowan!
Duvessa screams, "No!
How DARE you!"
Duvessa goes berserk!
Duvessa hits you with a +0 short sword of flaming!
Duvessa burns you.
* * * LOW HITPOINT WARNING * * *
Duvessa hits you with a +0 short sword of flaming.
* * * LOW HITPOINT WARNING * * *
Duvessa burns you.
* * * LOW HITPOINT WARNING * * *
You feel much better. Duvessa barely misses you.
Sorry, you're not good enough to have a special ability.
You hit Duvessa but do no damage.
Duvessa is lightly wounded.
Duvessa hits you but does no damage. You block Duvessa's attack.
You closely miss Duvessa.
Duvessa is lightly wounded.
Duvessa barely misses you.
Duvessa hits you with a +0 short sword of flaming!
Duvessa burns you.
You barely miss Duvessa.
Duvessa is lightly wounded.
Duvessa hits you with a +0 short sword of flaming!
* * * LOW HITPOINT WARNING * * *
Duvessa burns you.
* * * LOW HITPOINT WARNING * * *
You slash Duvessa!
Duvessa is heavily wounded.
Duvessa barely misses you.
Duvessa hits you with a +0 short sword of flaming!
You die...

#.#+# +# ##...#####..
+......#....
##......#....
#.......#....
####+####.......'....
#.......#.......#....
##....$..##....).#....
+....@....'......#....
#...e)....##...#####..
#...........#.#+#...#'#
###.......#####.......#
#'#...#+# #..........
...##### ##......... ..
+......... ...
##.......# ...
#.......#


You could see Duvessa (berserk).

Vanquished Creatures
  Edmund (D:4)
  A black bear (D:4)
  Dowan (D:4)
  Jessica (D:2)
  Natasha (thrice) (D:3)
  Terence (D:2)
  Robin (D:2)
  7 adders
  2 worms (D:2)
  A dart slug (D:4)
  3 orcs (D:3)
  4 bats
  6 endoplasms
  2 giant cockroaches (D:2)
  22 goblins
  9 hobgoblins
  A jackal (D:3)
  8 kobolds
  8 quokkas
  9 ball pythons
  7 frilled lizards
  5 rats
103 creatures vanquished.

Vanquished Creatures (others)
  A rat (D:3)
1 creature vanquished.

Grand Total: 104 creatures vanquished

Notes
Turn   | Place    | Note
-------+----------+-------------------------------------------
     0 | D:1      | Darius099 the Minotaur Fighter began the quest for the Orb.
     0 | D:1      | Reached XP level 1. HP: 19/19 MP: 0/0
    56 | D:1      | Found a faded altar of an unknown god.
   126 | D:1      | Reached XP level 2. HP: 27/27 MP: 1/1
   150 | D:1      | Reached skill level 3 in Axes
   588 | D:2      | Noticed Robin
   591 | D:2      | Reached XP level 3. HP: 33/33 MP: 2/2
   595 | D:2      | Reached skill level 4 in Axes
   600 | D:2      | Killed Robin
   601 | D:2      | Reached XP level 4. HP: 17/40 MP: 3/3
   760 | D:2      | Reached skill level 5 in Axes
   829 | D:2      | Noticed Terence
   836 | D:2      | Killed Terence
   987 | D:2      | Noticed Jessica
   992 | D:2      | Killed Jessica
   993 | D:2      | Reached skill level 6 in Axes
   993 | D:2      | Reached XP level 5. HP: 46/46 MP: 4/4
  1584 | D:3      | Noticed Natasha
  1590 | D:3      | Killed Natasha
  1747 | D:3      | Found a shimmering altar of Xom.
  1764 | D:3      | Reached skill level 7 in Axes
  1817 | D:3      | Noticed Natasha
  1821 | D:3      | Killed Natasha
  2014 | D:3      | Noticed Natasha
  2033 | D:3      | Killed Natasha
  2034 | D:3      | Reached XP level 6. HP: 38/52 MP: 5/5
  2322 | D:4      | Reached skill level 8 in Axes
  2376 | D:4      | Noticed Edmund
  2388 | D:4      | Killed Edmund
  2389 | D:4      | Reached XP level 7. HP: 41/58 MP: 6/6
  2456 | D:4      | Noticed Duvessa
  2457 | D:4      | Noticed Dowan
  2460 | D:4      | Reached skill level 9 in Axes
  2466 | D:4      | Killed Dowan
  2471 | D:4      | Slain by Duvessa

Illustrated notes

Levels and vault maps discovered:
D:1:      minmay_arrival_four_houses, layout_basic,
          shapermc_ecumenical_altar_starsandcircs, st_stairs_1,
          due_unseen_surprise
D:2:      layout_basic, uniq_jessica, uniq_terence, uniq_robin
D:3:      layout_loops_corners, xom_confusion_cloud, kennysheep_generic_room_12,
          uniq_natasha
D:4:      nicolae_cairo_tiling_very_big, layout_basic, chei_slow_surprise,
          hangedman_decor_clover_reticule, uniq_edmund, uniq_crazy_yiuf_cottage,
          uniq_duvessa

Skill      XL: |  1  2  3  4  5  6  7 |
---------------+----------------------+-----
Axes           | 3 4 6 7 8 9 |  9.2
Fighting       | |  3.8
Armour         | |  3.8
Shields        | |  3.8

Action                     |  1- 3 |  4- 6 |  7- 9 || total
---------------------------+-------+-------+-------++-------
  Melee: War axe           |    54 |   159 |    11 ||   224
         Headbutt          |     8 |    18 |     2 ||    28
         Unarmed           |       |     9 |       ||     9
    Use: Scroll            |       |     5 |       ||     5
         Potion            |       |       |     1 ||     1
 Armour: Scale mail        |    44 |    13 |       ||    57
         Chain mail        |       |    64 |     4 ||    68
  Dodge: Dodged            |    30 |    63 |     6 ||    99
  Block: Buckler           |    19 |    32 |     2 ||    53

Table legend: (Time is in decaauts)
 A = Elapsed time spent in this place.
 B = Non-inter-level travel time spent in this place.
 C = Inter-level travel time spent in this place.
 D = Time resting spent in this place.
 E = Time spent auto-exploring this place.
 F = Levels seen in this place.
 G = Mean time per level.
                   A        B        C        D        E       F      G
               +--------+--------+--------+--------+--------+-----+--------+
         Total |   2525 |   2467 |     58 |    182 |   1715 |   4 |  631.2 |
       Dungeon |   2525 |   2467 |     58 |    182 |   1715 |   4 |  631.2 |
               +--------+--------+--------+--------+--------+-----+--------+

Top non-repeatable levels by time:
     D:3: 977 daAuts
     D:1: 680 daAuts
     D:2: 662 daAuts
     D:4: 205 daAuts
